 Dungeon Crawl Stone Soup version 0.28-a0-1087-gf3fc490d9d (webtiles) character file.

Game seed: 1744057891977985989

1794 mainiacjoe the Vexing (level 8, -2/43 HPs)
             Began as a Spriggan Arcane Marksman on Dec 10, 2021.
             Was a Follower of Okawaru.
             Slain by a boulder beetle (32 damage)
             ... on level 6 of the Dungeon on Dec 11, 2021.
             The game lasted 00:31:47 (7538 turns).

mainiacjoe the Vexing (Spriggan Arcane Marksman)    Turns: 7538, Time: 00:31:48

Health: -2/43      AC:  2    Str:  8    XL:     8   Next: 82%
Magic:  4/15       EV: 19    Int: 15    God:    Okawaru [*.....]
Gold:   104        SH:  0    Dex: 15    Spells: 7/15 levels left

rFire   . . .      SeeInvis +   w - +0 hand crossbow
rCold   + . .      Faith    .   (shield restricted)
rNeg    + . .      Spirit   .   d - +0 robe
rPois   .          Reflect  .   (helmet restricted)
rElec   .          Harm     .   G - scarf {+Inv}
rCorr   .          Rampage  .   (gloves unavailable)
Will    +....                   (boots unavailable)
Stlth   +.........              h - amulet of regeneration
HPRegen 0.94/turn               y - ring of positive energy
MPRegen 0.14/turn               C - ring of protection from cold

@: very quick
A: very small, no large weapons, unfitting armour, see invisible, speed 3
a: Renounce Religion, Evoke Invisibility, Heroism


You were on level 6 of the Dungeon.
You worshipped Okawaru.
Okawaru was aware of your devotion.
You visited 2 branches of the dungeon, and saw 8 of its levels.

You collected 266 gold pieces.
You spent 162 gold pieces at shops.

Inventory:

Hand Weapons
 a - a +3 dagger
 b - a +0 hunting sling
 t - a +0 dagger
 w - a +0 hand crossbow (weapon)
 z - a +0 flail
Missiles
 c - 3 bolts (quivered ammo)
 f - 61 stones
 i - 152 arrows
 p - 21 sling bullets
 s - 6 boomerangs of dispersal {=F}
 u - 43 poisoned darts
Armour
 d - a +0 robe (worn)
 G - a scarf of invisibility (worn)
Magical Staves
 I - a staff of fire
Jewellery
 e - an amulet of guardian spirit
 h - an amulet of regeneration (around neck)
 y - a ring of positive energy (left hand)
 C - a ring of protection from cold (right hand)
Wands
 F - a wand of paralysis (8)
 N - a wand of mindburst (16)
Scrolls
 j - a scroll of fog
 o - 7 scrolls of blinking
 q - a scroll of vulnerability {unknown}
 r - a scroll of noise {unknown}
 A - a scroll of amnesia
 B - 2 scrolls of immolation
 E - a scroll of fear
 K - a scroll of enchant weapon {unknown}
 L - a scroll of enchant armour {unknown}
 M - a scroll of acquirement {unknown}
Potions
 g - 3 potions of curing
 k - 2 potions of brilliance
 l - 2 potions of attraction
 m - a potion of berserk rage
 n - a potion of lignification {unknown}
 v - a potion of resistance {unknown}
 x - 3 potions of heal wounds
 D - a potion of haste
 H - 2 potions of magic
 J - a potion of invisibility {unknown}


   Skills:
 - Level 5.0 Fighting
 - Level 5.0 Crossbows
 + Level 5.8 Dodging
 - Level 4.0 Spellcasting
 + Level 7.3 Hexes
 - Level 2.0 Fire Magic
 * Level 2.9 Invocations


You had 7 spell levels left.
You knew the following spells:

 Your Spells              Type           Power      Damage    Failure   Level
a - Slow                  Hex            96%        N/A       1%          1
c - Inner Flame           Hex/Fire       16%        N/A       9%          3
d - Cause Fear            Hex            12%        N/A       9%          4

Your spell library contained the following spells:

 Spells                   Type           Power      Damage    Failure   Level
 Portal Projectile        Hex/Tloc       26%        N/A       12%         3
 Blink                    Tloc           6%         N/A       26%         2
 Lesser Beckoning         Tloc           3%         N/A       47%         3
 Blade Hands              Tmut           1%         N/A       99%         5
 Manifold Assault         Tloc           3%         N/A       99%         5
 Iron Shot                Conj/Erth      1%         9d1       100%        6
 Animate Armour           Summ/Erth      Unusable   N/A       N/A         4

Dungeon Overview and Level Annotations

Branches:
Dungeon (7/15)             Temple (1/1) D:5

Altars:
Ashenzari
Cheibriados
Dithmenos
Elyvilon
Fedhas
Gozag
Hepliaklqana
Kikubaaqudgha
Makhleb
Nemelex Xobeh
Okawaru
Qazlal
Ru
Sif Muna
Trog
Uskayaw
Vehumet
Wu Jian
Xom
Yredelemnul
Zin
The Shining One

Shops:
D:4 [[   D:5 ((!   D:7 *

Annotations:
D:3 Grinder
D:4 Pikel, exclusion: lemure, Dowan, Duvessa, Sigmund
D:5 exclusion: upstairs
D:7 Prince Ribbit


Innate Abilities, Weirdness & Mutations

You are very small and have problems with some larger weapons.
You are too small for most types of armour.
You have supernaturally acute eyesight. (SInv)
You cover ground extremely quickly. (Speed+++)


Message History

The bolt completely misses the scorpion.
Fire: 7 bolts
Press: ? - help, Q - select action, (/) - cycle Shift-Dir - straight line, f/p - scorpion
Aim: a scorpion (inner flame, slow, 66% to hit)
You shoot a bolt. The bolt hits the scorpion!
Flame seeps out of the scorpion.
The scorpion is severely wounded.
The scorpion is engulfed in blazing flames.
Okawaru accepts your kill.
The scorpion explodes!
There is a stone staircase leading up here.
You shoot a bolt.
The bolt hits the boulder beetle but does no damage.
The boulder beetle is engulfed in blazing flames.
Flame seeps out of the boulder beetle.
You shoot a bolt.
The bolt hits the boulder beetle but does no damage.
The boulder beetle is moderately wounded.
The boulder beetle hits you!!
Ouch! That really hurt!
* * * LOW HITPOINT WARNING * * *
The boulder beetle stops rolling and uncurls.
You climb upwards.
There is a stone staircase leading down here.
You are too injured to fight recklessly!
The boulder beetle's inner flame fades away.
Fire: 4 bolts
Press: ? - help, Q - select action, (/) - cycle Shift-Dir - straight line, f - boulder beetle
Aim: a boulder beetle (moderately wounded, slow, 91% to hit)
You shoot a bolt.
The bolt hits the boulder beetle but does no damage.
The boulder beetle is moderately wounded.
The boulder beetle is no longer moving slowly.
The boulder beetle curls into a ball and begins rolling!
Casting: Slow (safe; 1% risk of failure)
Confirm with . or Enter, or press ? or * to list all spells.
You don't have enough magic to cast this spell.
There is a stone staircase leading down here.
The boulder beetle hits you!!
Ouch! That really hurt!
You die...

#...........###.....##........
##.8._._._.8.#....[..##.....=..
##.............##.....##........
#...⌠._._._.⌠.....).............
#..............##.....##........
####.8._._._.8.###.....##........
...#...........# #.....##........
...###############........[##.###
........# #.°°○B@..........##.#
####...####°##......##..##....#
######....°.#######......<....###
.....#...°.## #...######.....
........°...## ##.### ##....
.............# #..# #.#..
.......#####.#####..# #.#..
.......#)....)...##.# #.#..
......°#[#.#.#.#.#..#########.###


You could see a boulder beetle (rolling).

Vanquished Creatures
  Menkaure (D:4)
  A vampire mosquito (D:6)
  2 orc warriors
  An ogre (D:6)
  3 centaurs
  A gnoll sergeant (D:6)
  4 scorpions
  A howler monkey (D:7)
  2 bullfrog zombies
  2 jellies
  4 orc priests
  A centaur skeleton (D:6)
  2 hounds (D:7)
  An iguana (D:5)
  5 orc wizards
  A scorpion zombie (D:5)
  2 hound skeletons (D:4)
  5 gnolls (D:6)
  2 adders
  2 white imps
  An ufetubus (D:7)
  2 dart slugs (D:4)
  12 orcs
  5 ball pythons
  3 bats
  6 endoplasms
  2 giant cockroaches
  6 goblins
  7 hobgoblins
  A jackal (D:5)
  4 kobolds
  4 quokkas
  2 frilled lizards
  5 rats
103 creatures vanquished.

Notes
Turn   | Place    | Note
-------+----------+-------------------------------------------
     0 | D:1      | mainiacjoe the Spriggan Arcane Marksman began the quest for
                  | the Orb.
     0 | D:1      | Reached XP level 1. HP: 9/9 MP: 3/3
   386 | D:1      | Reached skill level 1 in Fighting
   682 | D:1      | Reached XP level 2. HP: 13/14 MP: 5/5
  1550 | D:2      | Found an ancient bone altar of Kikubaaqudgha.
  1796 | D:2      | Found a faded altar of an unknown god.
  2264 | D:2      | Reached XP level 3. HP: 18/18 MP: 6/6
  2458 | D:3      | Noticed Grinder
  2618 | D:2      | Learned a level 3 spell: Inner Flame
  2765 | D:5      | Entered Level 5 of the Dungeon
  2797 | D:4      | Found Kezar's Antique Armour Emporium.
  2818 | D:5      | Found Iniut's Weapon Shop.
  2826 | D:5      | Bought a +0 hunting sling for 18 gold pieces
  2856 | D:5      | Found Avetahech's Distillery.
  2893 | D:5      | Reached skill level 4 in Hexes
  2901 | D:5      | Reached XP level 4. HP: 23/23 MP: 5/8
  2964 | D:5      | Bought a potion of degeneration for 14 gold pieces
  2964 | D:5      | Bought a potion of heal wounds for 70 gold pieces
  2990 | D:5      | Found Zucitu's Antique Weapon Boutique.
  3454 | D:4      | Reached XP level 5. HP: 27/27 MP: 9/9
  3566 | D:4      | Noticed Menkaure
  3588 | D:4      | Killed Menkaure
  3589 | D:4      | Reached XP level 6. HP: 32/32 MP: 5/10
  3758 | D:4      | Noticed Dowan
  3797 | D:4      | Found Niapnioza's Antique Armour Boutique.
  3885 | D:4      | Noticed Sigmund
  4009 | D:4      | Noticed Duvessa
  4157 | D:5      | Reached skill level 5 in Hexes
  4259 | D:5      | Found a staircase to the Ecumenical Temple.
  4487 | Temple   | Entered the Ecumenical Temple
  5255 | D:6      | Reached skill level 5 in Dodging
  5255 | D:6      | Reached skill level 1 in Fire Magic
  5255 | D:6      | Reached XP level 7. HP: 37/37 MP: 8/11
  5376 | D:6      | Identified the +1 leather armour "Lase" {-Tele Rampage
                  | rC+++ rCorr}
  5438 | D:6      | Found a hide-covered altar of Uskayaw.
  5438 | D:6      | Found a stormy altar of Qazlal.
  5439 | D:6      | Found a radiant altar of Vehumet.
  5473 | D:6      | Found a burning altar of Makhleb.
  5473 | D:6      | Found a snail-covered altar of Cheibriados.
  5473 | D:6      | Found a glowing golden altar of the Shining One.
  5478 | D:6      | Found an iron altar of Okawaru.
  5478 | D:6      | Found a glowing silver altar of Zin.
  5478 | D:6      | Found a sacrificial altar of Ru.
  5486 | D:6      | Became a worshipper of Warmaster Okawaru
  5713 | D:5      | Learned a level 4 spell: Cause Fear
  5795 | D:6      | Reached skill level 5 in Fighting
  5967 | D:6      | Reached skill level 5 in Crossbows
  5967 | D:6      | Reached XP level 8. HP: 43/43 MP: 8/12
  6210 | D:6      | Reached skill level 6 in Hexes
  6556 | D:7      | Found Ocoargh's Assorted Antiques.
  6566 | D:7      | Bought a scroll labelled QUGYUL QYAXKE for 30 gold pieces
  6566 | D:7      | Bought a scroll labelled QUGYUL QYAXKE for 30 gold pieces
  6648 | D:7      | Reached skill level 7 in Hexes
  6722 | D:7      | Found an ancient bone altar of Kikubaaqudgha.
  6868 | D:6      | Reached * piety under Okawaru
  6869 | D:6      | Reached skill level 1 in Invocations
  7197 | D:7      | Noticed Prince Ribbit
  7204 | D:7      | Noticed a boulder beetle
  7538 | D:6      | Slain by a boulder beetle

Illustrated notes

Levels and vault maps discovered:
D:1:      dpeg_arrival_rooms_b, layout_loops_ring, serial_forest,
          infiniplex_forest_clump_cross, infiniplex_forest_clump_diagonal,
          infiniplex_forest_straight_4, infiniplex_forest_lined_corner,
          infiniplex_forest_clump_medium, infiniplex_forest_clump_cross,
          infiniplex_forest_corner_1, serial_park_tiny_2, minmay_pentomino_v4
D:2:      layout_loops_corners, hellmonk_ecumenical_altar_leap_of_faith,
          basic_altar
D:3:      layout_basic, uniq_grinder
D:4:      layout_cave_pools, serial_shops, shop, nicolae_take_the_stairs,
          grunt_ministairs_7, dk_rats_in_the_wall, uniq_duvessa, uniq_sigmund,
          uniq_menkaure, uniq_pikel
D:5:      layout_rooms, temple_doors_cd, serial_shops, shop, shop,
          hangedman_abyss_or_decor_jellyfish_corner, kennysheep_windowed_goal
D:6:      minmay_spotlight, layout_rooms, nicolae_overflows_in_rows,
          nicolae_figureground_sparkle
D:7:      layout_basic, mainiacjoe_overflow_small_starburst, serial_shops,
          nicolae_shop_temple_entry_statues_fountains, minmay_chambers_of_fives,
          uniq_prince_ribbit1
Temple:   chequers_temple_sunken

Skill      XL: |  1  2  3  4  5  6  7  8 |
---------------+-------------------------+-----
Fighting       | 1 2 3 4 5 |  5.0
Dodging        | 3 4 5 |  5.8
Spellcasting   | 2 4 |  4.0
Hexes          | 4 5 7 |  7.3
Crossbows      | 3 5 |  5.0
Fire Magic     | 1 2 |  2.0
Invocations    | 2 |  2.9

Action                   |  1- 3 |  4- 6 |  7- 9 || total
-------------------------+-------+-------+-------++-------
Melee: Dagger            |    70 |       |    19 ||    89
       Unarmed           |     4 |       |       ||     4
       Short sword       |    28 |       |       ||    28
       Mace              |    21 |     5 |       ||    26
 Fire: Hand crossbow     |    18 |    28 |    73 ||   119
       Hunting sling     |     7 |   226 |   105 ||   338
Throw: Stone             |   116 |     3 |     7 ||   126
 Cast: Slow              |    32 |    23 |    19 ||    74
       Inner Flame       |       |     7 |    31 ||    38
       Cause Fear        |       |       |     1 ||     1
  Use: Scroll            |     4 |     1 |     5 ||    10
       Potion            |       |       |     1 ||     1
 Stab: Sleeping          |     5 |       |       ||     5
Armor: Robe              |    15 |     7 |     4 ||    26
Dodge: Dodged            |    80 |    93 |   118 ||   291

Table legend: (Time is in decaauts)
 A = Elapsed time spent in this place.
 B = Non-inter-level travel time spent in this place.
 C = Inter-level travel time spent in this place.
 D = Time resting spent in this place.
 E = Time spent auto-exploring this place.
 F = Levels seen in this place.
 G = Mean time per level.
                   A        B        C        D        E       F      G
               +--------+--------+--------+--------+--------+-----+--------+
         Total |   5650 |   5466 |    184 |    483 |   2953 |   8 |  706.2 |
       Dungeon |   5491 |   5312 |    179 |    483 |   2805 |   7 |  784.4 |
        Temple |    158 |    154 |      4 |      0 |    148 |   1 |  158.0 |
               +--------+--------+--------+--------+--------+-----+--------+

Top non-repeatable levels by time:
     D:6: 1143 daAuts
     D:1: 1059 daAuts
     D:5: 1014 daAuts
     D:2: 834 daAuts
     D:4: 552 daAuts
     D:7: 524 daAuts
     D:3: 363 daAuts
  Temple: 158 daAuts
